 Dungeon Crawl Stone Soup version 0.29.0-11-gd7f09526c8 (console) character file.

Game seed: 969622617679539029

21249 jejorda2 the Slicer (level 12, -1/64 HPs)
             Began as a Vine Stalker Fighter on Sept 5, 2022.
             Was a High Priest of Okawaru.
             Slain by Sonja
             ... wielding a +1 short sword of distortion
              (4 damage)
             ... on level 10 of the Dungeon.
             The game lasted 00:46:41 (9838 turns).

jejorda2 the Slicer (Vine Stalker Fighter)          Turns: 9838, Time: 00:46:42

Health: -1/64      AC: 33    Str: 23    XL:     12   Next: 88%
Magic:  0/18       EV:  4    Int: 10    God:    Okawaru [*****.]
Gold:   378        SH:  6    Dex: 19    Spells: 11/11 levels left

rFire   . . .      SeeInvis +   b - +2 short sword (speed)
rCold   . . .      Faith    .   c - +0 buckler
rNeg    . . .      Spirit   +   y - +0 crystal plate armour
rPois   +          Reflect  .   G - +2 helmet {SInv}
rElec   .          Harm     .   (no cloak)
rCorr   .          Rampage  .   D - +2 pair of gloves
Will    +....                   v - +2 pair of boots
Stlth   ..........              x - amulet of the acrobat
HPRegen 1.00/turn               i - +4 ring of protection
MPRegen 0.16/turn               C - ring of Dim Light {rPois Int+2 Dex+4}

@: about to teleport, studying Earth Magic
A: fangs 3, regeneration 1, magic shield, antimagic bite, no potion heal 2
a: Renounce Religion, Heroism, Finesse, Duel


You were on level 10 of the Dungeon.
You worshipped Okawaru.
Okawaru was extremely pleased with you.
You visited 2 branches of the dungeon, and saw 11 of its levels.
You visited the Abyss 1 time.
You also visited: Bailey.

You collected 830 gold pieces.
You spent 452 gold pieces at shops.

Inventory:

Hand Weapons
 a - a +2 dagger of speed
 b - a +2 short sword of speed (weapon)
 p - the +4 dagger of Inconvenience {antimagic, rF+}
   (You found it on level 4 of the Dungeon)

   It reduces the magical energy of the wielder, and disrupts the spells and
   magical abilities of those it strikes.
   Natural abilities and divine invocations are not affected.
   rF:        It protects you from fire.
Missiles
 f - 3 boomerangs
 g - 51 stones (quivered)
 m - 20 poisoned darts
 s - 5 throwing nets
Armour
 c - a +0 buckler (worn)
 v - a +2 pair of boots (worn)
 y - a +0 crystal plate armour (worn)
 A - the +0 pair of gloves of Boiling Hail {Dex+5 Stlth-}
   (Okawaru gifted it to you on level 1 of the Abyss)

   Dex:       It affects your dexterity (+5).
   Stlth:     It makes you less stealthy.
 D - a +2 pair of gloves (worn)
 G - a +2 helmet of see invisible (worn)
Jewellery
 i - a +4 ring of protection (left hand)
 l - a ring of ice
 x - an amulet of the acrobat (around neck)
 C - the ring of Dim Light (right hand) {rPois Int+2 Dex+4}
   (You found it on level 6 of the Dungeon)

   [ring of poison resistance]

   Int:       It affects your intelligence (+2).
   Dex:       It affects your dexterity (+4).
   rPois:     It protects you from poison.
Wands
 o - a wand of flame (21)
Scrolls
 e - 3 scrolls of teleportation
 q - 3 scrolls of amnesia
 r - 3 scrolls of immolation
 u - a scroll of poison
 z - a scroll of fog
 F - a scroll of enchant weapon
Potions
 d - a potion of might
 j - a potion of lignification {unknown}
 k - a potion of invisibility {unknown}
 n - 7 potions of curing
 t - 2 potions of mutation
 w - 4 potions of flight
 B - 3 potions of attraction


   Skills:
 * Level 8.1 Fighting
 + Level 11.1 Short Blades
 + Level 2.8 Throwing
 - Level 9.0 Armour
 - Level 6.0 Shields
 - Level 7.0 Invocations
 - Level 6.0 Evocations


You had 11 spell levels left.
You didn't know any spells.
Your spell library contained the following spells:

 Spells                   Type           Power      Damage    Failure   Level
 Apportation              Tloc           0%         N/A       100%        1
 Beastly Appendage        Tmut           0%         N/A       100%        1
 Foxfire                  Conj/Fire      0%         2x1d4     100%        1
 Wereblood                Tmut           0%         N/A       100%        2
 Conjure Flame            Conj/Fire      0%         6-21      100%        3
 Ignite Poison            Fire/Tmut/Pois 0%         N/A       100%        3
 Inner Flame              Hex/Fire       0%         N/A       100%        3
 Mephitic Cloud           Conj/Pois/Air  0%         N/A       100%        3
 Spider Form              Tmut/Pois      0%         N/A       100%        3
 Airstrike                Air            0%         2d(0-16)  100%        4
 Flame Wave               Conj/Fire      0%         2d4       100%        4
 Alistair's Intoxication  Tmut/Pois      0%         N/A       100%        5
 Freezing Cloud           Conj/Ice/Air   0%         6-21      100%        5
 Lightning Bolt           Conj/Air       0%         1d11      100%        5
 Summon Lightning Spire   Summ/Air       Unusable   N/A       N/A         4

Dungeon Overview and Level Annotations

Branches:
Dungeon (10/15)            Temple (1/1) D:7            Lair (0/5) D:8
    Orc (0/2) D:9          Bailey (visited)

Altars:
Ashenzari
Cheibriados
Dithmenos
Elyvilon
Fedhas
Kikubaaqudgha
Nemelex Xobeh
Okawaru
Qazlal
Trog
Uskayaw
Vehumet
Wu Jian
Xom
Yredelemnul
Zin
The Shining One

Shops:
D:6 [   D:9 **![(

Annotations:
D:4 3 runed translucent doors, exclusion: 3 doors, Thoth777's ghost, amateur FoFi
D:10 Maggie; Sonja


Innate Abilities, Weirdness & Mutations

You have razor-sharp teeth.
Your natural rate of healing is unusually fast.
When hurt, damage is shared between your health and your magic reserves.
Your bite disrupts and absorbs the magic of your enemies.
Potions cannot restore your health.


Message History

You hit the large abomination.
The large abomination is almost destroyed.
You hit the large abomination but do no damage.
You bite the large abomination, but do no damage.
The large abomination is almost destroyed.
The large abomination hits you but does no damage.
You hit the large abomination. You bite the large abomination.
You drain its power.
You feel invigorated.
The large abomination is almost destroyed.
You barely miss the large abomination.
The large abomination is almost destroyed.
The large abomination hits you!
You hit the large abomination but do no damage.
The large abomination is almost destroyed.
You hit the large abomination but do no damage.
You bite the large abomination. You drain its power.
You feel invigorated.
The large abomination is almost destroyed.
The large abomination hits you!
* * * LOW HITPOINT WARNING * * *
You hit the large abomination but do no damage.
You bite the large abomination.
You destroy the large abomination!
Okawaru accepts your kill.
The substance of the Abyss twists violently, and a gateway leading out appears!
There is a gateway leading out of the Abyss here.
You pass through the gate.
Welcome back to the Dungeon!
Level annotation: Maggie; Sonja Sonja hits you but does no damage.
Space warps horribly around you!!
* * * LOW HITPOINT WARNING * * *
Sonja hits you but does no damage. Space warps around you.
* * * LOW HITPOINT WARNING * * *
Sonja hits you but does no damage. Space warps around you.
* * * LOW HITPOINT WARNING * * *
As you read the scroll of teleportation, it crumbles to dust.
You feel strangely unstable. Sonja hits you but does no damage.
Space warps around you.
* * * LOW HITPOINT WARNING * * *
Sonja hits you but does no damage. x2; Space warps around you.
You die...

...... ....#........ ###'##.#
##### #..###...####
#...##.####...###..####'#####
#.......#........@...........
#.......#.......[............
#.......'......[[............
#......##..<(..##...##.......
#......##......##...##....###
#......##...@..#....##....###
#########...zK.#..........#..
#.......#..........#..
#......z'..........#..
#.......#..........#..
#.......#..........'..
##....####[####....###
#########)####....##.
#....#..........


You could see Maggie, Sonja and 2 wights.

Vanquished Creatures
  A lich (Abyss:1)
  A bunyip (Abyss:1)
  A great orb of eyes (Abyss:1)
  An elf skeleton (Abyss:1)
  2 thrashing horrors (Abyss:1)
  A wretched star (Abyss:1)
  A starcursed mass (Abyss:1)
  An orc knight (Bailey)
  A deep elf pyromancer (Bailey)
  A rust devil (Abyss:1)
  A smoke demon (Abyss:1)
  2 ancient zymes (Abyss:1)
  5 polar bears (D:8)
  7 raiju (Abyss:1)
  A slime creature (shapeshifter) (D:9)
  A dream sheep (D:8)
  3 shadows (D:9)
  A dire elephant simulacrum (Abyss:1)
  16 yaks
  A vampire (D:9)
  2 wraiths
  7 wyverns
  2 hogs (D:8)
  A steam dragon (D:9)
  2 large abominations (Abyss:1)
  3 vampire mosquitoes (D:7)
  An acid dragon (D:9)
  Duvessa (D:4)
  A hell hound (Abyss:1)
  2 floating eyes (D:9)
  A swamp drake (D:9)
  An ogre (D:4)
  12 orc warriors
  2 sky beasts
  4 black bears
  A wolf (D:8)
  An ice beast (D:7)
  3 centaurs
  2 kobold brigands (D:9)
  A gnoll sergeant (D:9)
  8 bullfrogs
  4 scorpions
  9 wights
  Dowan (D:4)
  4 killer bees (D:9)
  4 howler monkeys
  4 crimson imps (D:4)
  2 small abominations (Abyss:1)
  10 orc priests
  2 gnoll boudas
  6 hounds
  2 jellies
  Terence (D:2)
  4 iguanas
  10 orc wizards
  Ijyb (D:5)
  9 gnolls
  5 adders
  4 white imps
  3 ufetubi
  A worm (D:3)
  4 dart slugs
  42 orcs
  8 bats
  An endoplasm (D:1)
  4 giant cockroaches
  8 goblins
  6 hobgoblins
  2 jackals (D:1)
  3 quokkas
  5 ball pythons
  5 frilled lizards
  16 kobolds
  2 rats
  A lurking horror (Abyss:1)
300 creatures vanquished.

Vanquished Creatures (others)
  A lurking horror (Abyss:1)
1 creature vanquished.

Grand Total: 301 creatures vanquished

Notes
Turn   | Place    | Note
-------+----------+-------------------------------------------
     0 | D:1      | jejorda2 the Vine Stalker Fighter began the quest for the
                  | Orb.
     0 | D:1      | Reached XP level 1. HP: 11/11 MP: 2/2
    88 | D:1      | Reached skill level 2 in Short Blades
    97 | D:1      | Reached XP level 2. HP: 15/16 MP: 3/3
   447 | D:1      | Reached XP level 3. HP: 16/19 MP: 4/4
   932 | D:2      | Noticed a great orb of eyes
   941 | D:2      | Found a faded altar of an unknown god.
   947 | D:2      | Noticed a great orb of eyes
   970 | D:2      | Noticed a floating eye
   975 | D:2      | Noticed a shining eye
  1283 | D:2      | Noticed Terence
  1289 | D:2      | Killed Terence
  1290 | D:2      | Reached skill level 3 in Short Blades
  1290 | D:2      | Gained mutation: Your natural rate of healing is unusually
                  | fast. [Vine Stalker growth]
  1290 | D:2      | Reached XP level 4. HP: 22/24 MP: 5/5
  1299 | D:2      | Reached XP level 5. HP: 20/28 MP: 4/6
  1327 | D:2      | Found a shadowy altar of Dithmenos.
  1336 | D:2      | You fall into a shaft and drop 2 floors!
  1369 | D:3      | Found a hide-covered altar of Uskayaw.
  1628 | D:4      | Noticed Duvessa
  1628 | D:4      | Noticed Dowan
  2098 | D:4      | Reached skill level 4 in Short Blades
  2121 | D:4      | Reached XP level 6. HP: 27/33 MP: 5/7
  2151 | D:4      | Killed Duvessa
  2154 | D:4      | Killed Dowan
  2172 | D:4      | Identified the +4 dagger of Inconvenience {antimagic, rF+}
  2192 | D:4      | Reached skill level 5 in Short Blades
  2192 | D:4      | Reached XP level 7. HP: 38/38 MP: 8/8
  2396 | D:4      | Found a shimmering altar of Xom.
  2454 | D:4      | Reached skill level 6 in Short Blades
  2460 | D:4      | Noticed Thoth777's ghost (amateur FoFi)
  2474 | D:4      | Found a runed translucent gate.
  2474 | D:4      | Found a runed translucent gate.
  2482 | D:4      | Found a runed translucent gate.
  2557 | D:5      | Entered Level 5 of the Dungeon
  2721 | D:5      | Noticed Ijyb
  2738 | D:5      | Killed Ijyb
  2767 | D:5      | Reached skill level 5 in Fighting
  2767 | D:5      | Gained mutation: You have razor-sharp teeth. [Vine Stalker
                  | growth]
  2767 | D:5      | Reached XP level 8. HP: 38/43 MP: 9/9
  2947 | D:5      | Found a sparkling altar of Nemelex Xobeh.
  2964 | D:5      | Found a radiant altar of Vehumet.
  2975 | D:5      | Found a blossoming altar of Fedhas.
  3382 | D:6      | Reached skill level 7 in Short Blades
  3799 | D:6      | Identified the ring of Dim Light {rPois Int+2 Dex+4}
  4191 | D:6      | Reached skill level 8 in Short Blades
  4196 | D:6      | Found a bloodstained altar of Trog.
  4224 | D:6      | Found Xesyusy's Antique Armour Emporium.
  4233 | D:6      | Bought a pair of runed gloves for 172 gold pieces
  4653 | D:7      | Reached XP level 9. HP: 48/48 MP: 10/10
  4797 | D:7      | Reached skill level 9 in Short Blades
  4829 | D:7      | Found a staircase to the Ecumenical Temple.
  4852 | Temple   | Entered the Ecumenical Temple
  4860 | Temple   | Became a worshipper of Warmaster Okawaru
  5012 | D:7      | Found a flagged portal.
  5020 | Bailey   | Entered a bailey
  5081 | Bailey   | Reached skill level 1 in Invocations
  5177 | Bailey   | Noticed an orc knight
  5200 | Bailey   | Killed an orc knight
  5200 | Bailey   | Reached * piety under Okawaru
  5201 | Bailey   | Reached skill level 10 in Short Blades
  5201 | Bailey   | Reached XP level 10. HP: 16/53 MP: 4/13
  5269 | Bailey   | Found a large runed translucent door.
  5269 | Bailey   | Found a large runed translucent door.
  5270 | Bailey   | Noticed a deep elf pyromancer
  5338 | Bailey   | Reached skill level 5 in Armour
  5403 | Bailey   | Killed a deep elf pyromancer
  5419 | Bailey   | Identified the +1 scale mail "Maeroevy" {Contam Will+ rCorr
                  | Str+7}
  5548 | D:7      | Found a white marble altar of Elyvilon.
  5570 | D:7      | Found an ancient bone altar of Kikubaaqudgha.
  5721 | D:7      | Reached ** piety under Okawaru
  5873 | D:8      | Found a staircase to the Lair.
  5955 | D:8      | Found a huge runed translucent gate.
  5956 | D:8      | Found a huge runed translucent gate.
  5958 | D:8      | Found a huge runed translucent gate.
  5958 | D:8      | Found a huge runed translucent gate.
  6049 | D:8      | Reached skill level 1 in Evocations
  6643 | D:8      | Reached *** piety under Okawaru
  6653 | D:8      | Reached skill level 5 in Invocations
  6677 | D:8      | Reached skill level 5 in Shields
  6712 | D:8      | Reached XP level 11. HP: 56/56 MP: 15/15
  6762 | D:8      | Reached **** piety under Okawaru
  6841 | D:9      | Found Cob Siv's General Store.
  7069 | D:9      | Found Moqax's Distillery.
  7072 | D:9      | Found Usto's Armour Shoppe.
  7135 | D:9      | Found Raff's Antique Weapon Shoppe.
  7603 | D:9      | Found a staircase to the Orcish Mines.
  7903 | D:9      | Bought a scroll of enchant weapon for 112 gold pieces
  8033 | D:9      | Found Yxibuaf's General Store.
  8041 | D:9      | Bought a potion of ambrosia for 112 gold pieces
  8041 | D:9      | Bought a scroll of identify for 28 gold pieces
  8041 | D:9      | Bought a scroll of identify for 28 gold pieces
  8061 | D:9      | Noticed an anaconda
  8096 | D:9      | an anaconda changed into a slime creature
  8176 | D:9      | Reached ***** piety under Okawaru
  8510 | D:10     | Entered Level 10 of the Dungeon
  8702 | D:10     | Received a gift from Okawaru
  8734 | D:10     | Reached XP level 12. HP: 61/61 MP: 18/18
  8742 | D:10     | Reached skill level 5 in Evocations
  8776 | D:10     | Noticed Sonja
  8777 | D:10     | Noticed Maggie
  8785 | Abyss:1  | Cast into level 1 of the Abyss (Sonja)
  8832 | Abyss:1  | Found a basalt altar of Yredelemnul.
  8832 | Abyss:1  | Found a basalt altar of Yredelemnul.
  8832 | Abyss:1  | Found a basalt altar of Yredelemnul.
  9278 | Abyss:1  | Noticed a thrashing horror
  9282 | Abyss:1  | Noticed a great orb of eyes
  9283 | Abyss:1  | Noticed a thrashing horror
  9304 | Abyss:1  | Killed a great orb of eyes
  9321 | Abyss:1  | Killed a thrashing horror
  9372 | Abyss:1  | HP: 1/62 [something/ball of steam (17)]
  9454 | Abyss:1  | Noticed a starcursed mass
  9490 | Abyss:1  | Killed a starcursed mass
  9594 | Abyss:1  | Noticed a wretched star
  9640 | Abyss:1  | Killed a wretched star
  9641 | Abyss:1  | Reached skill level 1 in Throwing
  9692 | Abyss:1  | Noticed a lich
  9725 | Abyss:1  | Killed a lich
  9725 | Abyss:1  | Identified the +0 pair of gloves of Boiling Hail {Dex+5
                  | Stlth-} (Okawaru gifted it to you on level 1 of the Abyss)
  9725 | Abyss:1  | Received a gift from Okawaru
  9736 | Abyss:1  | Noticed a thrashing horror
  9758 | Abyss:1  | Killed a thrashing horror
  9759 | Abyss:1  | Reached skill level 11 in Short Blades
  9788 | Abyss:1  | Noticed a bunyip
  9798 | Abyss:1  | Killed a bunyip
  9837 | D:10     | Escaped the Abyss
  9838 | D:10     | HP: 3/64 [Sonja/+1 short sword of distortion (2)]
  9838 | D:10     | Slain by Sonja

Illustrated notes

Levels and vault maps discovered:
D:1:      dpeg_arrival_simpleton_b, layout_loops_ring
D:2:      layout_basic, basic_altar, hellmonk_ecumenical_altar_watching_god,
          palyth_stone_intersect, uniq_terence
D:3:      layout_loops_cross, mainiacjoe_overflow_boulevard, eino_tiny_chamber,
          minivault_25
D:4:      layout_cave_pools, led_xom_imps, gammafunk_ghost_split, uniq_duvessa
D:5:      layout_cave_pools, lemuel_crystal_altar, lemuel_tele_altar,
          nicolae_vehumet_radiance, hangedman_decor_growths,
          nicolae_figureground_sparkle, uniq_ijyb
D:6:      layout_layer_cave, mainiacjoe_overflow_six_doors_small, serial_shops,
          shop, hangedman_abyss_or_decor_lesser_grid
D:7:      layout_basic, elyvilon_altar_4,
          mainiacjoe_overflow_concentric_impassable, minmay_temple_entry_ruins,
          enter_bailey_2
D:8:      lemuel_bear_cage, layout_loops_ring, lair_entry_dummy
D:9:      layout_roguey, erik_orc_1, serial_shops, kennysheep_mini,
          nicolae_inconvenience_store, nicolae_take_the_stairs, shop, shop,
          onia_ninara_cookie
D:10:     layout_gridville, uniq_maggie, uniq_sonja, uniq_joseph
Temple:   eino_narrow_crystal_temple

Skill      XL: |  1  2  3  4  5  6  7  8  9 10 11 12 |
---------------+-------------------------------------+-----
Short Blades   | 2 3 4 5 6 8 10 11 | 11.1
Shields        | 3 4 5 6 |  6.0
Fighting       | 3 4 5 6 8 |  8.1
Armour         | 4 6 8 9 |  9.0
Invocations    | 2 5 6 7 |  7.0
Evocations     | 2 4 6 |  6.0
Throwing       | 2 |  2.8

Action                   |  1- 3 |  4- 6 |  7- 9 | 10-12 || total
-------------------------+-------+-------+-------+-------++-------
Melee: Rapier            |    20 |       |       |       ||    20
       Bite              |    21 |    27 |   149 |   681 ||   878
       Dagger            |   104 |   112 |   422 |   977 ||  1615
       Short sword       |       |       |       |   503 ||   503
Throw: Stone             |       |     2 |     7 |    26 ||    35
       Dart              |       |     4 |       |     1 ||     5
       Throwing net      |       |     1 |       |     1 ||     2
Invok: Heroism           |       |       |       |    15 ||    15
       Finesse           |       |       |       |     4 ||     4
Evoke: Wand              |       |       |     1 |     6 ||     7
  Use: Potion            |     1 |     1 |     1 |     6 ||     9
       Scroll            |       |     8 |     4 |     9 ||    21
 Stab: Held in net/web   |       |       |       |     1 ||     1
Armor: Scale mail        |    50 |    24 |    12 |       ||    86
       Chain mail        |       |       |    64 |       ||    64
       Plate armour      |       |       |    42 |     6 ||    48
       Crystal plate arm |       |       |       |   458 ||   458
Dodge: Dodged            |    41 |    37 |   123 |   202 ||   403
Block: Buckler           |    15 |    13 |    61 |   188 ||   277
